← All builds
Suicide front / Cortex / Economy first / OBSERVED BUILD

Pounder assault push

Vehicle plant into an early Pounder riot line by 1:16, backed by Rascal raiders, Wolverine artillery and Brute assault tanks, pushing into the middle earlier than the norm.

Usually 3 mex, then lab (68%)

#push #raid #artillery · 18 distinct matches · 6 players · 3% of Cortex Suicide front games · team won 63% of 19 · Recently observed

THE CATCH, AND WHAT COMES WITH IT
  • PounderT1 vehicle riot from 1:16 · 10% of role by thenFrom the Vehicle Plant. Only 10% of Suicide front games have it by then; others who build it get it around 1:36
  • Vehicle PlantVehicle Plant in 100%12% of all Suicide front games by then
  • WolverineWolverine in 84%6% of all Suicide front games by then
  • RascalRascal in 79%7% of all Suicide front games by then
  • BruteBrute in 68%3% of all Suicide front games by then

Where those units first fight, in 19 games with kill data: in the middle 89%, on their own side 11%.

Those units destroy a typical 1,555 metal of enemy units by 15:00.

Then transitions into brute (25% of army), wolverine (12% of army), Rattlesnake (9% of army).

HOW TO PLAY IT

Key timing: Pounder pressure by 1:26

  1. Open straight into Vehicle Plant instead of the usual bot lab.
  2. Send early Rascal raiders out to harass and scout.
  3. Lead the push with Pounder riot tanks at middle.
  4. Add Wolverine light arty to back the vehicle line.
  5. Transition into Brute-heavy assault as the army scales.

Phase by phase

TYPICAL OF ITS 18 GAMES · AGAINST STANDARD SUICIDE FRONT
  1. 1
  2. 2
  3. 3
  4. 4
PLAY THE OPENING

Follow the example game's first 6:00 step by step: what to build now, what comes next, and where it goes. At 1× it keeps pace with your own game.

  1. 1

    Up to the Vehicle Plant

    Economy
    • Metal Extractor3Mex+2 vs standard
    Order
    1. Vehicle PlantVehicle Plant after 3 mexdone ~0:48, middle half 0:47–0:52

    By 0:29 in all: 3 mex (standard 1)

    The example game in this phase · 2 steps
    1. Mex ×3
    2. Vehicle PlantVehicle Plantdone 0:48 · typical 0:48
  2. 2

    Vehicle Plant to T1 vehicle riot

    Economy
    • Wind Turbine1Wind
    Order
    1. PounderT1 vehicle riot after 3 mex, 1 wind
    Builders
    • Construction Vehicle1 Con vehicle

    Some games also: mex (32%)

    By 1:16 in all: 3 mex · 1 wind

    The example game in this phase · 1 step
    1. PounderPounderdone 1:02
  3. 3

    T1 vehicle riot to 5:00

    Economy
    • Metal Extractor2Mex
    • Wind Turbine7Wind+6 vs standard
    Builders
    • Construction Vehicle3 Con vehicle +3 vs standard
    Army
    • Guard2 Guard
    • Wolverine5 Wolverine +5 vs standard
    • Pounder3 Pounder +3 vs standard
    Other
    • Radar Tower1 Radar Tower

    Some games also: con turret (42%) · rascal (42%) · brute (42%) · Twin Guard (37%)

    The standard build makes here, this one skips: 3 Graverobber · 2 con bot · 14 thug

    By 5:00 in all: 5 mex · 8 wind (standard 3)

    The example game in this phase · 30 steps
    1. Wind ×2
    2. PounderPounder
    3. Wind ×2
    4. RascalRascal
    5. Construction VehicleCon vehicle ×2
    6. Wind
    7. Construction VehicleCon vehicle
    8. PounderPounder
    9. Mex ×2
    10. Wind
    11. RascalRascal
    12. Radar TowerRadar Tower
    13. WolverineWolverine
    14. Mex
    15. WolverineWolverine
    16. GuardGuard
    17. Mex
    18. Construction VehicleCon vehicle
    19. GuardGuard
    20. Mex
    21. PounderPounder
    22. Twin GuardTwin Guard
    23. RascalRascal
    24. WolverineWolverine ×3
    25. Dragon's TeethDragon's Teeth ×7
    26. Construction VehicleCon vehicle
    27. Dragon's TeethDragon's Teeth
    28. CastroCastro
    29. PounderPounder
    30. Dragon's TeethDragon's Teeth ×2
  4. 4

    5:00 to 10:00

    Economy
    • Metal Extractor1Mex
    • Wind Turbine15Wind
    Builders
    • Construction Turret2 Con turret
    • Construction Vehicle2 Con vehicle +2 vs standard
    Army
    • Guard1 Guard
    • Brute8 Brute +8 vs standard
    • Pounder2 Pounder +2 vs standard
    • Rascal2 Rascal +2 vs standard
    Other
    • Radar Tower1 Radar Tower

    Some games also: lasher (47%) · energy storage (32%) · Twin Guard (32%)

    The standard build makes here, this one skips: 2 Graverobber

    By 10:00 in all: 6 mex · 24 wind (standard 18) · 3 con turret

    The example game in this phase · 151 steps
    1. RascalRascal
    2. WolverineWolverine ×2
    3. GuardGuard
    4. WolverineWolverine
    5. BruteBrute ×2
    6. GuardGuard ×2
    7. Exploiter
    8. Construction VehicleCon vehicle
    9. Metal storage
    10. Wind
    11. Con turret
    12. Solar
    13. Wind
    14. BruteBrute
    15. Wind
    16. Con turret
    17. Solar
    18. BruteBrute
    19. Wind
    20. GuardGuard
    21. BruteBrute
    22. Wind
    23. GuardGuard
    24. RascalRascal
    25. LasherLasher
    26. Wind
    27. Solar
    28. Dragon's TeethDragon's Teeth ×2
    29. Construction VehicleCon vehicle
    30. Dragon's TeethDragon's Teeth
    31. Wind
    32. Dragon's TeethDragon's Teeth ×2
    33. BruteBrute
    34. Dragon's TeethDragon's Teeth ×3
    35. Wind
    36. BruteBrute
    37. Dragon's TeethDragon's Teeth
    38. Solar
    39. Wind
    40. BruteBrute
    41. Dragon's TeethDragon's Teeth ×2
    42. BruteBrute
    43. Dragon's TeethDragon's Teeth ×2
    44. Wind
    45. IncisorIncisor
    46. GuardGuard
    47. Wind
    48. IncisorIncisor
    49. Wind
    50. IncisorIncisor
    51. Wind
    52. IncisorIncisor
    53. Dragon's TeethDragon's Teeth
    54. Wind
    55. TrapperTrapper
    56. Wind
    57. Dragon's TeethDragon's Teeth ×2
    58. Wind
    59. Dragon's TeethDragon's Teeth
    60. IncisorIncisor
    61. Dragon's TeethDragon's Teeth
    62. Wind
    63. Dragon's TeethDragon's Teeth ×2
    64. IncisorIncisor
    65. Wind
    66. Dragon's TeethDragon's Teeth
    67. IncisorIncisor
    68. Wind
    69. IncisorIncisor
    70. Wind
    71. IncisorIncisor
    72. Wind ×2
    73. IncisorIncisor
    74. Dragon's TeethDragon's Teeth
    75. Advanced Metal ExtractorT2 mexdone 11:20 · typical 9:53
    76. Dragon's TeethDragon's Teeth
    77. IncisorIncisor
    78. Wind
    79. Dragon's TeethDragon's Teeth
    80. IncisorIncisor
    81. Dragon's TeethDragon's Teeth
    82. Wind
    83. IncisorIncisor
    84. Dragon's TeethDragon's Teeth
    85. Wind
    86. Dragon's TeethDragon's Teeth
    87. IncisorIncisor
    88. Dragon's TeethDragon's Teeth
    89. Wind
    90. IncisorIncisor
    91. Dragon's TeethDragon's Teeth
    92. Wind
    93. Dragon's TeethDragon's Teeth
    94. IncisorIncisor
    95. Dragon's TeethDragon's Teeth
    96. Mex
    97. Dragon's TeethDragon's Teeth
    98. Advanced Metal ExtractorT2 mex
    99. IncisorIncisor
    100. Dragon's TeethDragon's Teeth
    101. Advanced Metal ExtractorT2 mex
    102. IncisorIncisor ×3
    103. Mex
    104. Advanced Metal ExtractorT2 mex
    105. IncisorIncisor ×5
    106. Advanced Metal ExtractorT2 mex
    107. IncisorIncisor ×2
    108. Advanced Metal ExtractorT2 mex
    109. IncisorIncisor
    110. Con turret
    111. IncisorIncisor
    112. Advanced solar
    113. Con turret
    114. Vehicle PlantVehicle Plantdone 13:56
    115. IncisorIncisor
    116. Advanced Metal ExtractorT2 mex
    117. Advanced solar
    118. IncisorIncisor ×2
    119. Advanced solar
    120. IncisorIncisor
    121. Advanced solar
    122. Fortification WallFortification Wall ×2
    123. Advanced Metal ExtractorT2 mex
    124. IncisorIncisor
    125. Advanced solar
    126. Fortification WallFortification Wall
    127. Wind
    128. Con turret
    129. IncisorIncisor ×2
    130. Con turret
    131. Wind
    132. IncisorIncisor
    133. Con turret
    134. IncisorIncisor
    135. Wind
    136. Pit BullPit Bull
    137. IncisorIncisor ×2
    138. Wind ×2
    139. Fortification WallFortification Wall
    140. IncisorIncisor ×2
    141. Fortification WallFortification Wall
    142. IncisorIncisor
    143. Fortification WallFortification Wall
    144. IncisorIncisor ×2
    145. RascalRascal
    146. Fortification WallFortification Wall
    147. Wind
    148. IncisorIncisor ×2
    149. Wind
    150. RascalRascal
    151. IncisorIncisor ×4

Counts are medians over the build's games: half of them build more, half fewer. The example game is CommandoMan's (35 OS, 07/09/2026); pick another.

Team trades

IN AT LEAST 30% OF ITS GAMES

You hand over

Nothing regular.

You get

  • Tidal Generator4 Tidal from Pondfirst at 0:13 · in 68% of games
  • Advanced Construction Bot1 T2 con bot from Geofirst at 7:45 · in 53% of games
  • Advanced Construction Vehicle1 T2 con vehicle from Geofirst at 9:06 · in 32% of games

How it plays out

Typical game of this build against the role’s standard build, running totals by minute

  • This build
  • Standard suicide front

Metal produced

010k20k
0:005:0010:0015:00

metal

Enemy metal destroyed

05k10k
0:005:0010:0015:00

metal

Own metal lost

05k10k15k
0:005:0010:0015:00

metal

19 games.

Show as table
ByMetal produced: This buildMetal produced: Standard suicide frontEnemy metal destroyed: This buildEnemy metal destroyed: Standard suicide frontOwn metal lost: This buildOwn metal lost: Standard suicide front
1:003802740000
2:009409630000
3:00178520601301930133
4:0027703153605673220635
5:0038874330109917084261422
6:00487055341939256510962408
7:00626567702755356414363469
8:00742079824096449824504456
9:00849792644336518631455453
10:009647104905415585142666293
11:0010597120065415632447237128
12:0012375136605694683160508150
13:0014399153065724750667398913
14:0016932170546030826380629835
15:00195891877677998872922610515
WHAT THE NUMBERS SAY

Won clearly more often than the standard build while losing much less metal by every checkpoint shown.

  • + Lost only 426 metal by 5:00 vs 1451 standard.
  • + Team won 63% vs 50% for the standard build.
  • − Destroyed less enemy metal than standard by 15:00 (7799 vs 8805).
THE EXAMPLE YOU ARE READING

CommandoMan

35.1 OS · 07/09/2026

Open source match ↗

8 received units · includes a constructor
158 metal received · 17986 energy received

Allied construction assistance is unknown. Timings are observations, not a promise of solo reproducibility.

Typical milestones

Vehicle Plant0:48Middle 50%: 0:47–0:52 · n=19
Advanced Metal Extractor9:53Middle 50%: 9:38–10:58 · n=15

Played most by

CommandoMan9games of this buildMischievousDragonGF4games of this buildRAM_Ricardo3games of this build[crd]sisa1game of this buildGieds1game of this build